 Dungeon Crawl Stone Soup version 0.14.0-12-g87ee3b7 (webtiles) character file.

2516 Aargh the Skirmisher (level 9, -6/78 HPs)
             Began as a Hill Orc Berserker on Apr 15, 2014.
             Was a High Priest of Trog.
             Mangled by a warg (13 damage)
             ... on Level 7 of the Dungeon.
             The game lasted 01:28:41 (7497 turns).

Aargh the Skirmisher (Hill Orc Berserker)           Turns: 7497, Time: 01:28:41

HP  -6/78        AC  9     Str 20      XL: 9   Next: 37%
MP  16/16        EV 13     Int  8      God: Trog [*****.]
Gold 274         SH  0     Dex 12      Spells:  0 memorised,  8 levels left

rFire  . . .     SeeInvis .     F - +1,+2 hammer (drain)
rCold  . . .     Clarity  .     N - +3 leather armour
rNeg   + . .     Conserve .     (no shield)
rPois  +         rCorr    .     (no helmet)
rElec  .         rRot     .     L - +0 cloak
SustAb . .       Spirit   .     H - +0 pair of gloves (curse)
rMut   .         Warding  +     (no boots)
Saprov + . .     Stasis   .     A - amulet of warding {Ward, rN+, !d}
MR     .....                    (no ring)
                                f - ring of poison resistance {rP+, !d}

@: about to teleport, not resistant to hostile enchantments, fairly stealthy
A: saprovore 1
a: Burn Spellbooks, Berserk, Trog's Hand, Brothers in Arms, Renounce Religion


You were on level 7 of the Dungeon.
You worshipped Trog.
Trog was extremely pleased with you.
You were not hungry.

You visited 1 branch of the dungeon, and saw 7 of its levels.

You collected 274 gold pieces.

Inventory:

Hand weapons
 a - a +0,+1 mace
 e - a +1,+0 scimitar
   (You found it on level 6 of the Dungeon)
 i - a +4,+0 quarterstaff of chaos
   (You took it off Crazy Yiuf on level 4 of the Dungeon)
 k - a +2,+1 short sword
   (You found it on level 1 of the Dungeon)
 w - a +1,+0 sling
   (You took it off a goblin on level 4 of the Dungeon)
 x - a +2,+1 trident of venom
   (You found it on level 2 of the Dungeon)
 C - a +0,+0 whip of electrocution
   (You took it off Pikel on level 4 of the Dungeon)
 F - a +1,+2 hammer of draining (weapon)
   (You took it off a hobgoblin on level 4 of the Dungeon)
 K - a +2,+0 mace
   (You took it off an orc on level 4 of the Dungeon)
 O - a +1,+3 dagger of draining
   (You took it off a goblin on level 4 of the Dungeon)
 P - a +2,+2 dagger of pain
   (You took it off a kobold on level 4 of the Dungeon)
 Q - a +2,+0 dagger of pain
   (You took it off an orc on level 5 of the Dungeon)
 T - a cursed -2,+0 falchion
   (You took it off an orc on level 5 of the Dungeon)
 W - a +2,+1 sling of frost
   (You took it off a goblin on level 6 of the Dungeon)
Missiles
 j - 6 javelins
 l - 18 sling bullets
 p - 25 stones
 u - 7 tomahawks (quivered)
 y - 21 darts
Armour
 h - a +0 cloak
   (You found it on level 1 of the Dungeon)
 H - a cursed +0 pair of gloves (worn)
   (You found it on level 5 of the Dungeon)
 L - a +0 cloak (worn)
   (You took it off Crazy Yiuf on level 4 of the Dungeon)
 N - a +3 leather armour (worn)
   (You took it off an orc on level 4 of the Dungeon)
Comestibles
 c - 5 meat rations
 d - 3 bread rations
 E - 11 grapes
Scrolls
 b - 2 scrolls of teleportation
 z - a scroll of remove curse
 I - 2 scrolls of recharging {unknown}
 R - a scroll of blinking {unknown}
Jewellery
 f - a ring of poison resistance (left hand) {rP+, !d}
   (You found it on level 1 of the Dungeon)
 g - an uncursed amulet of stasis {Stasis, !d}
   (You found it on level 1 of the Dungeon)
 n - an uncursed amulet of rage {+Rage, !d}
   (You found it on level 1 of the Dungeon)
 v - an uncursed amulet of guardian spirit {Spirit}
   (You found it on level 2 of the Dungeon)
 A - an amulet of warding (around neck) {Ward, rN+, !d}
   (You found it on level 3 of the Dungeon)
 G - an uncursed amulet of the gourmand {Gourmand, !d}
   (You found it on level 6 of the Dungeon)
Potions
 m - a potion of brilliance
 o - 3 potions of curing
 B - 2 potions of resistance
 D - a potion of might
Books
 J - a book of Fire
   (You found it on level 4 of the Dungeon)
Rods
 s - a +0 rod of inaccuracy (13/13) {!a}
   (You found it on level 2 of the Dungeon)


   Skills:
 + Level 6.8 Fighting
 + Level 6.8 Maces & Flails
 + Level 6.5 Armour
 - Level 4.1 Dodging
 + Level 3.3 Stealth
 + Level 5.2 Evocations


You had 8 spell levels left.
You didn't know any spells.

Dungeon Overview and Level Annotations

Branches:
Dungeon (7/15)
 Temple: D:4-7

Altars:
The Shining One

Shops:
D:4 (

Annotations:
D:5 exclusion: giant eyeball, Grinder


Innate Abilities, Weirdness & Mutations

You can tolerate rotten meat.


Message History

The ogre shouts!
The orc misses you. x2
Read which item? (? for menu, Esc to quit)
As you read the scroll of teleportation, it crumbles to dust.
You feel strangely unstable. The orc completely misses you.
Drink which item? (? for menu, Esc to quit)
You feel better.
The orc priest's eyes start to glow.
The orc misses you. The rat bites you but does no damage.
The orc closely misses you. The rat bites you.
* * * LOW HITPOINT WARNING * * *
The orc barely misses you.
Drink which item? (? for menu, Esc to quit)
You feel better.
Your surroundings suddenly seem different.
You feel yourself speed up.
A hound comes into view.
The hound barks!
You see here an amulet of stasis {Stasis, !d}.
A hound comes into view.
You open the door.
The hound barks!
A warg comes into view.
An orc comes into view. It is wielding a mace.
There is an open door here.
You feel less exhausted.
Eat which item? (? for menu, Esc to quit)
The hound closely misses you. The hound bites you.
* * * LOW HITPOINT WARNING * * *
You continue eating.
The hound bites you but does no damage.
The hound gazes forward, looking utterly alone.
You finish eating.
That sausage was delicious!
Wield which item (- for none, * to show all)? (? for menu, Esc to quit)
Your +2,+1 trident of venom stops dripping with poison.
You sense an unholy aura.
F - a +1,+2 hammer of draining (weapon)
The hound completely misses you.
You hit the hound. The hound barely misses you.
The hound completely misses you.
You thump the hound! You drain the hound! You hit the hound.
You drain the hound! The hound completely misses you.
The hound closely misses you. The hound completely misses you.
You barely miss the hound. The hound misses you. The hound misses you.
The hound bites you but does no damage.
You thump the hound!
You kill the hound!
Trog accepts your kill. The hound completely misses you.
You barely miss the hound. The hound closely misses you.
You hit the hound but do no damage. The hound bites you but does no damage.
The hound bites you.
* * * LOW HITPOINT WARNING * * *
Your leather armour prevents you from hitting the hound.
You feel a little less agile now. The hound bites you.
* * * LOW HITPOINT WARNING * * *
You hit the hound. The hound bites you but does no damage.
You hit the hound but do no damage. You drain the hound!
The hound closely misses you. The hound bites you but does no damage.
You hit the hound.
You kill the hound!
Trog accepts your kill.
You thump the ogre! You drain the ogre! The ogre misses you.
You hit the ogre. You drain the ogre! You hit the ogre. You drain the ogre!
You kill the ogre!
Trog accepts your kill.
You see here a hound corpse.
You offer a prayer to Trog.
The hound corpse is consumed in a column of flame.
Trog is extremely pleased with you.
You open the door.
There is an open door here.
The orc shouts!
You throw a tomahawk. The tomahawk misses the warg.
You barely miss the warg. The warg closely misses you.
You miss the warg. The warg closely misses you. The warg bites you.
* * * LOW HITPOINT WARNING * * *
You barely miss the warg. The warg closely misses you.
You hit the warg. The warg bites you!
* * * LOW HITPOINT WARNING * * *
You hit the warg. You drain the warg! The warg bites you.
* * * LOW HITPOINT WARNING * * *
You miss the warg. The warg bites you.
* * * LOW HITPOINT WARNING * * *
The warg closely misses you.
You sock the warg! The orc closely misses you. The warg closely misses you.
Drink which item? (? for menu, Esc to quit)
You feel better. The warg closely misses you.
The orc hits you with a war axe of freezing.
* * * LOW HITPOINT WARNING * * *
The orc freezes you.
* * * LOW HITPOINT WARNING * * *
Read which item? (? for menu, Esc to quit)
As you read the scroll of teleportation, it crumbles to dust.
You feel strangely unstable. The warg bites you!
You die...

#..[..# .# #.....#######.#
####.............# ...
.................####
#..........................
#..# #######.#####.........
#..# +.# #.#+###... # #..# #o#
#.# # #O.# +@# #.# # #..# #h#
#.# # #..# #(# #.# # #o.# #.#
#.# # #ro# #.# #.#
#####oo####+####.#####.#
.......................#
.o...................."#####..
...............................


You could see a warg and an orc.

Vanquished Creatures
  Pikel (D:4)
  The ghost of Leibowitz the Sneak, an experienced KoBe of Trog (D:5)
  2 wargs (D:7)
  An ice beast (D:6)
  A black bear (D:6)
  A centaur (D:6)
  4 slaves (D:4)
  A giant frog (D:6)
  An ogre (D:7)
  A scorpion (D:4)
  A giant frog zombie (D:6)
  A jelly (D:5)
  Crazy Yiuf (D:4)
  A centaur zombie (D:5)
  A gnoll shaman (D:6)
  A giant frog skeleton (D:6)
  6 worker ants
  A sky beast zombie (D:5)
  An ogre skeleton (D:4)
  A hound zombie (D:6)
  3 hounds
  8 adders
  10 gnolls
  An orc priest (D:4)
  A giant mite (D:4)
  An inept item mimic (D:5)
  4 worms
  A giant eyeball (D:4)
  6 giant geckos
  An ooze (D:1)
  19 orcs
  2 bat skeletons
  3 giant cockroaches
  15 goblins
  22 hobgoblins
  A quokka (D:4)
  7 bats
  5 giant newts
  A hobgoblin skeleton (D:6)
  9 kobolds
  A kobold skeleton (D:4)
  7 rats
157 creatures vanquished.

Vanquished Creatures (others)
  A gnoll (D:3)
1 creature vanquished.

Grand Total: 158 creatures vanquished

Notes
Turn   | Place    | Note
--------------------------------------------------------------
     0 | D:1      | Aargh, the Hill Orc Berserker, began the quest for the Orb.
     0 | D:1      | Reached XP level 1. HP: 19/19 MP: 1/1
    74 | D:2      | Reached XP level 2. HP: 16/27 MP: 2/2
    99 | D:1      | HP: 6/27 [goblin (3)]
   100 | D:1      | HP: 2/27 [goblin (4)]
   780 | D:1      | Reached skill level 4 in Fighting
  1687 | D:1      | Reached XP level 3. HP: 33/33 MP: 3/3
  2045 | D:2      | Identified a +0 rod of inaccuracy (13/13) (You found it on level 2 of the Dungeon)
  2136 | D:2      | Reached skill level 2 in Dodging
  2140 | D:2      | Acquired Trog's second power
  2245 | D:2      | Reached skill level 4 in Maces & Flails
  2265 | D:2      | Reached XP level 4. HP: 27/40 MP: 4/4
  2876 | D:3      | Found a glowing golden altar of the Shining One.
  2904 | D:3      | Reached skill level 3 in Armour
  3120 | D:4      | Reached XP level 5. HP: 47/47 MP: 5/5
  3193 | D:4      | Reached skill level 5 in Fighting
  3643 | D:4      | Noticed a slave
  3661 | D:4      | Killed a slave
  3846 | D:5      | Entered Level 5 of the Dungeon
  3931 | D:4      | Reached skill level 1 in Evocations
  3933 | D:4      | Noticed a slave
  3945 | D:4      | Noticed a slave
  3963 | D:4      | Killed a slave
  4046 | D:4      | Found Skohessa's Weapon Shop.
  4050 | D:4      | Noticed a slave
  4056 | D:4      | Killed a slave
  4064 | D:4      | Killed a slave
  4076 | D:4      | Noticed Pikel
  4103 | D:4      | Killed Pikel
  4103 | D:4      | Reached skill level 6 in Fighting
  4103 | D:4      | Reached skill level 5 in Maces & Flails
  4103 | D:4      | Reached skill level 4 in Armour
  4103 | D:4      | Reached skill level 3 in Dodging
  4103 | D:4      | Reached skill level 2 in Evocations
  4103 | D:4      | Reached XP level 6. HP: 53/57 MP: 5/8
  4103 | D:4      | Reached XP level 7. HP: 58/63 MP: 6/10
  4339 | D:4      | Reached skill level 3 in Evocations
  4363 | D:4      | Paralysed by a giant eyeball for 2 turns
  4465 | D:4      | Paralysed by a giant eyeball for 4 turns
  4948 | D:5      | Noticed Leibowitz's ghost (experienced KoBe)
  4982 | D:5      | Killed Leibowitz's ghost
  4982 | D:5      | Reached skill level 5 in Armour
  4982 | D:5      | Reached skill level 1 in Stealth
  4982 | D:5      | Reached skill level 4 in Evocations
  4982 | D:5      | Reached XP level 8. HP: 70/70 MP: 9/13
  5150 | D:4      | Noticed Crazy Yiuf
  5202 | D:4      | Killed Crazy Yiuf
  5397 | D:5      | Acquired Trog's third power
  5473 | D:5      | Reached skill level 4 in Dodging
  5475 | D:5      | Noticed Grinder
  5754 | D:5      | Reached skill level 6 in Maces & Flails
  6075 | D:5      | Reached skill level 2 in Stealth
  6746 | D:6      | Reached skill level 6 in Armour
  6746 | D:6      | Reached XP level 9. HP: 67/78 MP: 16/16
  7403 | D:7      | Reached skill level 3 in Stealth
  7403 | D:7      | Reached skill level 5 in Evocations
  7409 | D:7      | HP: 26/117 [warg (12)]
  7415 | D:7      | HP: 19/78 [orc/glowing war axe (4)]
  7419 | D:7      | HP: 1/78 [orc priest/divine providence (17)]
  7464 | D:7      | HP: 18/78 [hound (2)]
  7492 | D:7      | HP: 13/78 [warg (9)]
  7494 | D:7      | HP: 5/78 [warg (5)]
  7497 | D:7      | Mangled by a warg

Action                   |  1- 3 |  4- 6 |  7- 9 || total
-------------------------+-------+-------+-------++-------
Melee: Mace              |    87 |   121 |    48 ||   256
       Dagger            |    37 |       |       ||    37
       Trident           |       |    57 |   122 ||   179
       Hammer            |       |       |    63 ||    63
       Quarterstaff      |       |       |   102 ||   102
Throw: Tomahawk          |       |     4 |    14 ||    18
Invok: Berserk           |       |     2 |     3 ||     5
  Use: Scroll            |     4 |     5 |     8 ||    17
       Potion            |       |     1 |     9 ||    10
 Stab: Paralysed         |       |       |     1 ||     1

Vault maps used:
D:1:      nicolae_arrival_somewhat_less_tricky_arrival
D:2:      first_bread
D:3:      lemuel_crystal_altar, xom_obstacle_run
D:4:      serial_shops, nicolae_shop_crystal, uniq_pikel,
          uniq_crazy_yiuf_cottage
D:5:      minivault_19, water_boxes_lemuel, uniq_grinder
D:6:      minmay_temple_entry_enclosed_plants
D:7:      lemuel_castle_with_subvaults, grunt_rat_hole

Table legend:
 A = Turns spent in this place as a percentage of turns spent in the entire game.
 B = Non-inter-level travel turns spent in this place as a percentage of non-inter-level travel turns spent in the entire game.
 C = Inter-level travel turns spent in this place as a percentage of turns spent in this place.
 D = Turns resting spent in this place as a percentage of non-inter-level travel turns spent in this place.
 E = Turns spent auto-exploring this place as a percentage of non-inter-level travel turns spent in this place.
 F = Non-inter-level travel turns spent in this place divided by the number of levels of this place that you've seen.
                   A       B       C       D       E      F
               +-------+-------+-------+-------+-------+----------------------
         Total | 100.0 | 100.0 |   0.0 |   2.5 |   0.5 | 610.0
       Dungeon | 100.0 | 100.0 |   0.0 |   2.5 |   0.5 | 610.0
               +-------+-------+-------+-------+-------+----------------------

Table legend:
 A = Kills in this place as a percentage of kills in entire the game.
 B = Kills by you in this place as a percentage of kills by you in the entire game.
 C = Kills by friends in this place as a percentage of kills by friends in the entire game.
 D = Other kills in this place as a percentage of other kills in the entire game.
 E = Experience gained in this place as a percentage of experience gained in the entire game.
 F = Experience gained in this place divided by the number of levels of this place that you have seen.
                   A       B       C       D       E      F
               +-------+-------+-------+-------+-------+----------------------
         Total | 100.0 | 100.0 |  -nan | 100.0 | 100.0 | 457.7
       Dungeon | 100.0 | 100.0 |  -nan | 100.0 | 100.0 | 457.7
               +-------+-------+-------+-------+-------+----------------------
